 Dungeon Sprint DCSS version 0.31-a0-965-g8a8ce12e04 (webtiles) character file.

Game seed: 9941838835664603935

381 rocky1 the Grappler (level 6, 0/81 HPs)
             Began as a Naga Shapeshifter on Oct 27, 2023.
             Was an Initiate of Gozag.
             Slain by a troll (5 damage)
             ... in the Dungeon (Sprint IX: "|||||||||||||||||||||||||||||").
             The game lasted 00:01:26 (742 turns).

rocky1 the Grappler (Naga Shapeshifter)              Turns: 742, Time: 00:01:27

Health: 0/81       AC:  8    Str: 19    XL:     6   Next: 75%
Magic:  6/6        EV:  4    Int: 10    God:    Gozag
Gold:   0          SH:  0    Dex: 10    Spells: 5/5 levels left

rFire   . .          .
                       - Unarmed
rCold   . . .        (no shield)
rNeg    . . .        p - +0 plate armour
rPois   +            (helmet currently unavailable)
rElec   .            (cloak currently unavailable)
rCorr   .            (gloves currently unavailable)
SInv    +            (no barding)
Will    .....        (no amulet) Stlth
                     (no ring)
HPRegen 0.33/turn    (no ring)
MPRegen 0.10/turn

%: no teleportation
@: berserking (expiring), beast-form, gold aura, quick
A: beast (slay +4), AC +2, large, see invisible, deformed body, poison
resistance, slowness 2, spit poison 1, naga tail 1
a: Spit Poison, Begin Untransformation, Renounce Religion, Potion Petition, Call
Merchant, Bribe Branch


You were in the Dungeon.
You worshipped Gozag.
Gozag was noncommittal.
You were a hulking beast.
You visited 1 branch

Inventory:

Armour
 a - a +0 animal skin
 o - a +0 pair of gloves
 p - a +0 plate armour (worn)
Jewellery
 m - a +2 ring of protection
 n - a +3 ring of dexterity
Talismans
 c - a beast talisman
 d - a flux talisman
Wands
 l - a wand of roots (10)
Scrolls
 j - 2 scrolls of blinking
 k - 2 scrolls of amnesia
Potions
 b - a potion of invisibility
 e - 5 potions of curing
 f - 3 potions of heal wounds
 g - a potion of haste
 h - 4 potions of magic


   Skills:
 + Level 2.3 Fighting
 * Level 2.2 Armour
 * Level 4.0 Dodging
 * Level 10.0 Unarmed Combat
 + Level 8.2 Shapeshifting


You had 5 spell levels left.
You didn't know any spells.
Your spell library was empty.

Dungeon Overview and Level Annotations

Branches:
Dungeon (1/1)

Altars:
Cheibriados
Dithmenos
Elyvilon
Fedhas
Gozag
Hepliaklqana
Kikubaaqudgha
Makhleb
Nemelex Xobeh
Okawaru
Qazlal
Ru
Sif Muna
Trog
Uskayaw
Vehumet
Wu Jian
Xom
Yredelemnul
Zin
The Shining One
Jiyva
Lugonu


Innate Abilities, Weirdness & Mutations

You are a hulking beast.
Your limbs bulge with bestial killing power. (Slay +4)
Your serpentine skin is tough. (AC +2)
You have supernaturally acute eyesight. (SInv)
Armour fits poorly on your strangely shaped body.
Your system is resistant to poisons. (rPois)
You cover ground very slowly.
You can spit poison.
You have a snake-like lower body.


Message History

Your Unarmed Combat skill gained 2 levels and is now at level 9!
Your Shapeshifting skill increases to level 8!
You have reached level 6!
Your skin feels tougher.
The wight hits you with a +2 dire flail!
There is an open door to the Dungeon, spattered with blood here.
You see here 153 gold pieces.
You hit the wight.
The wight is heavily damaged.
The wight hits you with a +2 dire flail.
You feel drained.
You punch the wight!
You destroy the wight!
Your life force feels restored.
Your Armour skill increases to level 2!
Your Dodging skill increases to level 4!
Your Unarmed Combat skill increases to level 10!
The shadow slips into darkness.
The shadow flickers and vanishes for a moment.
The iron imp hits you.
Things that are here:
54 gold pieces; a +2 dire flail; a +0 robe You punch the iron imp!
The iron imp is heavily wounded.
The iron imp hits you but does no damage.
You punch the iron imp!
You kill the iron imp!
The iron imp disappears in a puff of smoke!
The kobold demonologist gestures wildly while chanting.
The troll bites you!
* * * LOW HITPOINT WARNING * * *
The troll claws you but does no damage. The troll claws you.
* * * LOW HITPOINT WARNING * * *
You closely miss the troll. The troll bites you!
* * * LOW HITPOINT WARNING * * *
The troll claws you.
* * * LOW HITPOINT WARNING * * *
The troll claws you.
You die...
Your body crumbles into a pile of gold. ▓▓▓▓▓▓▓▓▓▓▓▓▓▓▓▓▓▓▓▓▓▓ +YWKTh§$....[.)..'____ ▓▓▓▓▓▓▓▓▓▓▓▓▓▓▓▓▓▓▓▓▓▓

You could see a kobold demonologist, a yak, a troll and a shadow (invisible).

Vanquished Creatures
  A yak (D)
  2 scorpions (D)
  A wight (D)
  A hound (D)
  An orc wizard (D)
  A gnoll (D)
  A dart slug (D)
  A giant cockroach (D)
  A hobgoblin (D)
  2 frilled lizards (D)
12 creatures vanquished.

Notes
Turn   | Place    | Note
-------+----------+-------------------------------------------
     0 | D        | rocky1 the Naga Shapeshifter began the quest for the Orb.
     0 | D        | Reached XP level 1. HP: 18/18 MP: 1/1
    18 | D        | Reached XP level 2. HP: 13/25 MP: 2/2
   270 | D        | Noticed a scorpion
   270 | D        | Noticed a scorpion
   276 | D        | Killed a scorpion
   277 | D        | Reached skill level 5 in Unarmed Combat
   277 | D        | Reached skill level 5 in Shapeshifting
   277 | D        | Reached XP level 3. HP: 31/31 MP: 3/3
   277 | D        | Reached XP level 4. HP: 38/38 MP: 4/4
   278 | D        | Reached skill level 6 in Unarmed Combat
   287 | D        | Reached XP level 5. HP: 44/44 MP: 5/5
   291 | D        | Reached skill level 7 in Unarmed Combat
   642 | D        | Found a snail-covered altar of Cheibriados.
   642 | D        | Found a shadowy altar of Dithmenos.
   642 | D        | Found a white marble altar of Elyvilon.
   642 | D        | Found a blossoming altar of Fedhas.
   642 | D        | Found an opulent altar of Gozag.
   643 | D        | Found a hazy altar of Hepliaklqana.
   644 | D        | Found a viscous altar of Jiyva.
   645 | D        | Found an ancient bone altar of Kikubaaqudgha.
   646 | D        | Found a corrupted altar of Lugonu.
   647 | D        | Found a burning altar of Makhleb.
   648 | D        | Found a sparkling altar of Nemelex Xobeh.
   649 | D        | Found an iron altar of Okawaru.
   650 | D        | Became a worshipper of Gozag Ym Sagoz the Greedy
   651 | D        | Found a stormy altar of Qazlal.
   652 | D        | Found a sacrificial altar of Ru.
   653 | D        | Found a shimmering blue altar of Sif Muna.
   654 | D        | Found a bloodstained altar of Trog.
   655 | D        | Found a hide-covered altar of Uskayaw.
   656 | D        | Found a radiant altar of Vehumet.
   657 | D        | Found an ornate altar of the Wu Jian Council.
   658 | D        | Found a shimmering altar of Xom.
   659 | D        | Found a basalt altar of Yredelemnul.
   660 | D        | Found a glowing silver altar of Zin.
   661 | D        | Found a glowing golden altar of the Shining One.
   729 | D        | Noticed a yak
   729 | D        | Noticed a shadow
   729 | D        | Noticed a kobold demonologist
   729 | D        | Noticed a troll
   729 | D        | Noticed a yak
   734 | D        | Killed a yak
   735 | D        | Reached skill level 1 in Armour
   735 | D        | Reached skill level 9 in Unarmed Combat
   735 | D        | Reached XP level 6. HP: 46/52 MP: 6/6
   738 | D        | Reached skill level 10 in Unarmed Combat
   742 | D        | Slain by a troll

Illustrated notes

Levels and vault maps discovered:
D:        linesprint [early_d, line_temple, items_1, d_10, items_2, lair_1,
          lair_end, items_3, orc_1, orc_end, items_4, d_15, swamp_1, shoals_1,
          snake_1, spider_1, d_20, vaults_1, items_5, swamp_end, shoals_end,
          snake_end, spider_end, vaults_end, d_27, items_6, zot_1, zot_end,
          crypt_end, forest_end, elf_end, slime_end, tomb_end, abyss_end,
          pan_hell_end]

Skill      XL: |  1  2  3  4  5  6 |
---------------+-------------------+-----
Dodging        | 2 3 4 |  4.0
Unarmed Combat | 5 6 9 10 | 10.0
Shapeshifting  | 5 6 8 |  8.2
Fighting       | 2 |  2.3
Armour         | 1 2 |  2.2

Action                     |  1- 3 |  4- 6 || total
---------------------------+-------+-------++-------
  Melee: Unarmed           |    17 |    26 ||    43
         Punch             |       |     1 ||     1
    Use: Potion            |     1 |     1 ||     2
 Armour: Animal skin       |     6 |       ||     6
         Skin              |     5 |    15 ||    20
         Plate armour      |       |    13 ||    13
  Dodge: Dodged            |     4 |     1 ||     5

Table legend: (Time is in decaauts)
 A = Elapsed time spent in this place.
 B = Non-inter-level travel time spent in this place.
 C = Inter-level travel time spent in this place.
 D = Time resting spent in this place.
 E = Time spent auto-exploring this place.
 F = Levels seen in this place.
 G = Mean time per level.
                   A        B        C        D        E       F      G
               +--------+--------+--------+--------+--------+-----+--------+
         Total |    760 |    760 |      0 |    590 |      0 |   1 |  760.0 |
       Dungeon |    760 |    760 |      0 |    590 |      0 |   1 |  760.0 |
               +--------+--------+--------+--------+--------+-----+--------+

Top non-repeatable levels by time:
       D: 760 daAuts
